 Dungeon Crawl Stone Soup version 0.18.1-50-g88ac8fd (webtiles) character file.

10402 Gemmine the Protected (level 11, -11/148 HPs)
             Began as a Minotaur Gladiator on Feb 7, 2017.
             Was an Initiate of Ashenzari.
             Mangled by a skeletal warrior
             ... wielding a +0 dire flail
             ... led by a skeletal warrior
              (17 damage)
             ... on level 10 of the Dungeon.
             The game lasted 00:33:27 (10385 turns).

Gemmine the Protected (Minotaur Gladiator)         Turns: 10385, Time: 00:33:28

Health: -11/148    AC: 25    Str: 23      XL:     11   Next: 35%
Magic:  10/10      EV:  2    Int:  5      God:    Ashenzari [......]
Gold:   174        SH:  0    Dex: 10 (11) Spells: 0 memorised, 10 levels left

rFire  . . .     SeeInvis .     i - +1 dire flail (drain)
rCold  + . .     Gourm    .     (armour currently unavailable)
rNeg   + + +     Faith    .     (shield currently unavailable)
rPois  +         Spirit   .     (helmet currently unavailable)
rElec  .         Dismiss  .     (cloak currently unavailable)
rCorr  .         Reflect  .     (gloves currently unavailable)
SustAt .         Harm     .     (boots currently unavailable)
MR     .....     NoTele   +     r - amulet of regeneration
Stlth  ++........               k - ring of flight
                                o - ring of protection from cold

@: tree-form, not resistant to hostile enchantments, unstealthy
A: (retaliatory headbutt), (horns 0), deterioration 1, (poison resistance),
(sturdy frame 0)
a: Curse Item, Renounce Religion


You were on level 10 of the Dungeon.
You worshipped Ashenzari.
Ashenzari was noncommittal.
You were hungry.
You were a tree.
You visited 2 branches of the dungeon, and saw 11 of its levels.
You also visited: Sewer and Ossuary.

You collected 444 gold pieces.
You spent 270 gold pieces at shops.

Inventory:

Hand Weapons
 i - a +1 dire flail of draining (weapon)
Missiles
 d - 3 throwing nets (quivered)
 z - 8 javelins
Armour
 c - a +0 hat (melded)
 n - a +0 plate armour (melded)
 s - a +2 pair of gloves (melded)
 N - a +0 cloak (melded)
Jewellery
 k - a ring of flight (right branch)
 o - a ring of protection from cold (left branch)
 r - an amulet of regeneration (around neck)
 J - an uncursed ring of resist corrosion
Wands
 j - a wand of flame (17/48)
Scrolls
 h - 3 scrolls of fear
 p - 2 scrolls of remove curse
 B - a scroll of blinking {unknown}
 D - a scroll of acquirement {unknown}
 E - 3 scrolls of enchant armour
 F - 6 scrolls of teleportation
 H - 2 scrolls of recharging {unknown}
 I - a scroll of random uselessness {unknown}
 K - a scroll of torment {unknown}
 L - a scroll of magic mapping
Potions
 a - 3 potions of flight
 g - 2 potions of brilliance
 l - 4 potions of mutation
 q - a potion of cure mutation {unknown}
 t - 2 potions of curing
 A - a potion of invisibility
Books
 y - a book of Battle

   Spells                             Type                      Level
   a - Infusion                       Charms                       1
   b - Shroud of Golubria             Charms/Translocation         2
   c - Song of Slaying                Charms                       2
   d - Spectral Weapon                Hexes/Charms                 3
   e - Regeneration                   Charms/Necromancy            3
 M - a book of Death

   Spells                             Type                      Level
   a - Corpse Rot                     Necromancy                   2
   b - Sublimation of Blood           Necromancy                   2
   c - Agony                          Necromancy                   5
   d - Dispel Undead                  Necromancy                   5
   e - Excruciating Wounds            Charms/Necromancy            5
   f - Bolt of Draining               Conjuration/Necromancy       5
Comestibles
 b - 3 slices of pizza
 f - 5 bread rations
 m - 4 beef jerkies
 u - a meat ration
 v - 5 fruits
 G - 2 royal jellies


   Skills:
 + Level 10.0 Fighting
 + Level 11.9 Maces & Flails
 + Level 2.0 Throwing
 + Level 12.6 Armour
 + Level 7.4 Dodging
 + Level 2.3 Stealth


You had 10 spell levels left.
You didn't know any spells.

Dungeon Overview and Level Annotations

Branches:
Dungeon (10/15)            Temple (1/1) D:5            Lair (0/8) D:8
    Orc: D:9-12

Altars:
Ashenzari
Cheibriados
Dithmenos
Elyvilon
Fedhas
Gozag
Kikubaaqudgha
Makhleb
Nemelex Xobeh
Okawaru
Pakellas
Qazlal
Ru
Sif Muna
Trog
Vehumet
Xom
Yredelemnul
Zin
The Shining One
Lugonu

Shops:
D:6 *=%[


Innate Abilities, Weirdness & Mutations

((You reflexively headbutt those who attack you in melee.))
((You have a pair of horns on your head.))
Your body sometimes deteriorates upon taking damage.
((Your system is resistant to poisons.))
((Your movements are slightly less encumbered by armour (ER -2).))


Message History

* * * LOW HITPOINT WARNING * * *
Drink which item? (? for menu, Esc to quit)
You feel better.
The skeletal warrior hits you with a flail.
* * * LOW HITPOINT WARNING * * *
The skeletal warrior hits you with a short sword.
* * * LOW HITPOINT WARNING * * *
You hit the skeletal warrior but do no damage.
The skeletal warrior is lightly damaged.
The skeletal warrior hits you but does no damage.
The skeletal warrior hits you with a flail!
* * * LOW HITPOINT WARNING * * *
The skeletal warrior hits you with a short sword.
* * * LOW HITPOINT WARNING * * *
Okay, then.
Read which item? (? for menu, Esc to quit)
As you read the scroll of fog, it crumbles to dust.
The scroll dissolves into smoke.
The skeletal warrior hits you with a dire flail!
You die...

######### ##############
#.......# ...#....#.....
#.......#....#....#.....
#.....§z#....#....#.....
+.....§♣z§...#....'.....
#.....§z#....#....#.....
#....§..# ...#....#.....
#.......# .!#....#.....
#######'#######'######...
#....#....#..........#...
#....#....#..........#...
#....'....#..........#...
#....#....#..........#...


You could see 3 skeletal warriors.

Vanquished Creatures
  2 skeletal warriors
  An unseen horror (D:8)
  A hill giant (D:10)
  Pikel (D:9)
  A manticore (D:9)
  Maurice (D:8)
  Joseph (D:9)
  Psyche (D:8)
  Prince Ribbit (D:7)
  4 hippogriffs
  4 yaks (D:9)
  Grum (D:8)
  A hungry ghost (D:9)
  Menkaure (D:7)
  A water moccasin (D:9)
  Purgy (Sewer)
  A black bear (D:9)
  A necrophage (D:10)
  2 phantoms
  A sky beast (D:10)
  4 ogres
  5 orc warriors
  3 wolves (D:8)
  The ghost of pigviolator the Slasher, an amateur DsAK of Lugonu (D:3)
  3 centaurs
  An elf zombie (D:5)
  5 giant frogs
  3 elf skeletons (D:5)
  6 scorpions
  4 killer bees (D:8)
  5 wights (D:6)
  4 howler monkeys
  3 crimson imps
  A centaur zombie (D:9)
  A giant frog zombie (D:8)
  A quasit (D:6)
  2 human zombies (D:5)
  A centaur skeleton (D:6)
  2 orc priests (D:6)
  6 hounds
  3 orc wizards
  A jelly (D:9)
  A giant frog skeleton (D:10)
  4 iguanas
  2 human skeletons (D:5)
  5 worker ants
  A hound zombie (D:7)
  11 mummies (Ossuary)
  A hound skeleton (D:6)
  2 howler monkey skeletons
  11 adders
  7 gnolls
  A river rat (D:4)
  3 shadow imps
  2 worms
  3 dart slugs
  8 giant geckos
  12 orcs
  7 bats
  3 bat zombies (D:4)
  9 giant cockroaches
  6 goblins
  10 hobgoblins
  15 jackals
  7 kobolds
  2 quokkas
  2 ball pythons
  8 giant newts
  3 gnoll skeletons (Ossuary)
  2 goblin skeletons (Ossuary)
  A jackal skeleton (D:8)
  2 kobold skeletons (Ossuary)
  3 orc skeletons
  An orc zombie (D:5)
  A quokka skeleton (D:6)
  13 rats
  11 rat skeletons (Ossuary)
  A fungus (D:8)
  A plant (D:8)
275 creatures vanquished.

Vanquished Creatures (others)
  A fungus (D:8)
1 creature vanquished.

Grand Total: 276 creatures vanquished

Notes
Turn   | Place    | Note
--------------------------------------------------------------
     0 | D:1      | Gemmine the Minotaur Gladiator began the quest for the Orb.
     0 | D:1      | Reached XP level 1. HP: 18/18 MP: 0/0
   253 | D:1      | Reached XP level 2. HP: 22/25 MP: 1/1
   890 | D:2      | Reached XP level 3. HP: 30/30 MP: 2/2
  1167 | D:2      | Noticed a moth of wrath
  1169 | D:2      | Found a bloodstained altar of Trog.
  1234 | D:2      | Found a white marble altar of Elyvilon.
  1856 | D:2      | Reached XP level 4. HP: 37/37 MP: 3/3
  1890 | D:2      | Found a shadowy altar of Dithmenos.
  1896 | D:2      | Found a basalt altar of Yredelemnul.
  1898 | D:2      | Found a blossoming altar of Fedhas.
  2354 | D:3      | Found an opulent altar of Gozag.
  2475 | D:3      | Noticed pigviolator's ghost (amateur DsAK)
  2484 | D:3      | Killed pigviolator's ghost
  2484 | D:3      | Reached skill level 2 in Armour
  2484 | D:3      | Reached XP level 5. HP: 45/45 MP: 4/4
  2742 | D:3      | Found a radiant altar of Vehumet.
  2860 | D:4      | Reached skill level 5 in Dodging
  2860 | D:4      | Reached skill level 1 in Stealth
  2865 | D:4      | Noticed a phantom
  2897 | D:4      | Killed a phantom
  2897 | D:4      | Reached skill level 3 in Armour
  2897 | D:4      | Reached XP level 6. HP: 51/51 MP: 5/5
  2912 | D:4      | Reached skill level 5 in Maces & Flails
  3120 | D:4      | Found a glowing drain.
  3199 | Sewer    | Entered a sewer
  3348 | Sewer    | Noticed Purgy
  3358 | Sewer    | Killed Purgy
  3358 | Sewer    | Reached skill level 4 in Armour
  3358 | Sewer    | Reached XP level 7. HP: 50/59 MP: 6/6
  3566 | D:4      | Reached skill level 5 in Armour
  3762 | D:4      | Found an ancient bone altar of Kikubaaqudgha.
  4440 | D:4      | Found a deep blue altar of Sif Muna.
  4528 | D:5      | Entered Level 5 of the Dungeon
  4767 | D:5      | Found a staircase to the Ecumenical Temple.
  4786 | Temple   | Entered the Ecumenical Temple
  4904 | D:5      | Reached skill level 5 in Fighting
  4940 | D:5      | Reached skill level 6 in Armour
  4952 | D:5      | Reached XP level 8. HP: 61/68 MP: 7/7
  5014 | D:5      | Found a sand-covered staircase.
  5019 | Ossuary  | Entered an ossuary
  5234 | Ossuary  | Reached skill level 7 in Armour
  5909 | D:6      | Found Hadgha Xuiz's Antique Armour Shop.
  6024 | D:6      | Reached skill level 8 in Armour
  6203 | D:6      | Found Fitwill's Jewellery Emporium.
  6403 | D:6      | Reached XP level 9. HP: 73/78 MP: 8/8
  6583 | D:6      | Found Noesu's Assorted Antiques.
  6587 | D:6      | Bought 3 scrolls of identify for 180 gold pieces
  6587 | D:6      | Bought a scroll of remove curse for 90 gold pieces
  6672 | D:6      | Found Lameob's Food Shop.
  6843 | D:7      | Noticed Menkaure
  6854 | D:7      | Killed Menkaure
  6965 | D:7      | Found a burning altar of Makhleb.
  7200 | D:7      | Reached skill level 9 in Armour
  7271 | D:7      | Noticed Prince Ribbit
  7286 | D:7      | Killed Prince Ribbit
  7519 | D:8      | Noticed Maurice
  7527 | D:8      | Killed Maurice
  7676 | D:8      | Found a staircase to the Lair.
  7702 | D:8      | Noticed Grum
  7710 | D:8      | Reached skill level 10 in Armour
  7720 | D:8      | Killed Grum
  7756 | D:8      | Found a snail-covered altar of Cheibriados.
  8007 | D:8      | Found a shattered altar of Ashenzari.
  8015 | D:8      | Became a worshipper of Ashenzari the Shackled
  8057 | D:8      | Noticed Psyche
  8121 | D:8      | Killed Psyche
  8121 | D:8      | Reached XP level 10. HP: 81/88 MP: 9/9
  8186 | D:8      | Reached skill level 10 in Maces & Flails
  8288 | D:8      | Killed an unseen horror
  8430 | D:8      | Found a sparkling altar of Nemelex Xobeh.
  8501 | D:9      | Reached skill level 11 in Armour
  8640 | D:9      | Noticed Joseph
  8665 | D:9      | Killed Joseph
  8856 | D:9      | Noticed a manticore
  8871 | D:9      | Killed a manticore
  9023 | D:9      | Reached skill level 12 in Armour
  9070 | D:9      | Noticed a skeletal warrior
  9109 | D:9      | Killed a skeletal warrior
  9109 | D:9      | Reached XP level 11. HP: 64/97 MP: 10/10
  9421 | D:9      | Noticed Pikel
  9429 | D:9      | Killed Pikel
  9601 | D:10     | Entered Level 10 of the Dungeon
  9889 | D:10     | Noticed a hill giant
  9896 | D:10     | Killed a hill giant
 10019 | D:10     | Gained mutation: Your movements are slightly less encumbered by armour (ER -2). [mutagenic meat]
 10020 | D:10     | Gained mutation: Your body sometimes deteriorates upon taking damage. [mutagenic meat]
 10021 | D:10     | Gained mutation: Your system is resistant to poisons. [mutagenic meat]
 10353 | D:10     | Noticed a skeletal warrior
 10353 | D:10     | Noticed a skeletal warrior
 10354 | D:10     | Noticed a skeletal warrior
 10366 | D:10     | Noticed a skeletal warrior
 10380 | D:10     | Killed a skeletal warrior
 10380 | D:10     | Reached skill level 10 in Fighting
 10384 | D:10     | HP: 6/148 [skeletal warrior/short sword[a skeletal warrior] (4)]
 10385 | D:10     | Mangled by a skeletal warrior

Skill      XL: |  1  2  3  4  5  6  7  8  9 10 11 |
---------------+----------------------------------+-----
Maces & Flails | 4 5 7 9 11 | 11.9
Dodging        | 4 5 6 7 |  7.4
Fighting       | 3 4 5 6 8 9 10 | 10.0
Armour         | 2 3 4 6 8 10 12 | 12.6
Stealth        | 1 2 |  2.3
Throwing       | |  2.0

Action                   |  1- 3 |  4- 6 |  7- 9 | 10-12 || total
-------------------------+-------+-------+-------+-------++-------
Melee: Flail             |    18 |       |       |       ||    18
       Headbutt          |     8 |    18 |    76 |    43 ||   145
       Whip              |    58 |   117 |   396 |   171 ||   742
       Dire flail        |       |       |       |   112 ||   112
  Use: Scroll            |     7 |     1 |    10 |     9 ||    27
       Potion            |       |     2 |     4 |    10 ||    16
  Eat: Bread ration      |     1 |       |     1 |       ||     2
       Meat ration       |       |     1 |     2 |     1 ||     4
       Pizza             |       |       |     1 |       ||     1
       Chunk             |       |       |       |     3 ||     3
       Beef jerky        |       |       |       |     1 ||     1
Armor: Leather armour    |    19 |       |       |       ||    19
       Ring mail         |       |     5 |       |       ||     5
       Plate armour      |       |    58 |   186 |   137 ||   381
       Skin              |       |       |       |    51 ||    51
Dodge: Dodged            |    52 |    53 |   121 |    93 ||   319
